Workbook

Sheet Read me
A1: Field | B1: Detail
A2: Purpose | B2: Instructor worked Excel solutions
A3: Week | B3: 8
A4: Source | B4: week8-case-data.xlsx: Data; Week 8 slide pricing exercise
A5: Use | B5: Open in desktop Excel to calculate formula cells. Static reference results are supplied where useful.
A6: Precision | B6: Regression coefficients retain sufficient digits for whole-unit decision rules.

Sheet Service model
A1: Term | B1: Full | C1: Reduced_mgr_only | D1: Full_p
A2: Intercept | B2: 53.664024 | C2: 47.08086 | D2: 0.00399
A3: MTenure | B3: 0.022813 | C3: 0 | D3: 0.375727
A4: CTenure | B4: 0.018762 | C4: 0 | D4: 0.824408
A5: MgrSkill | B5: 10.146187 | C5: 11.01519 | D5: 0.005409
A6: CrewSkill | B6: -1.364458 | C6: 0 | D6: 0.703427

Sheet Service fit
A1: Model | B1: Adjusted_R2 | C1: Residual_SE | D1: Significance_F
A2: Full | B2: 0.09060391 | C2: 12.02842 | D2: 0.03033287
A3: Manager skill only | B3: 0.1152812 | C3: 11.86409 | D3: 0.001682142

Sheet Profit model
A1: Term | B1: Full | C1: Reduced
A2: Intercept | B2: -141433.9 | C2: -131266.99
A3: MTenure | B3: 683.7379 | C3: 724.64376
A4: CTenure | B4: 870.0913 | C4: 806.35736
A5: MgrSkill | B5: 45197.47 | C5: 57347.804
A6: CrewSkill | B6: -14136.67 | C6: 0
A7: ServQual | B7: 944.7933 | C7: 0
A8: Pop | B8: 3.044798 | C8: 3.27047
A9: Comp | B9: -28548.17 | C9: -29779.049
A10: Visibility | B10: 7043.559 | C10: 0
A11: PedCount | B11: 34371.28 | C11: 31364.338
A12: Res | B12: 82079.15 | C12: 91706.36
A13: Hours24 | B13: 62783.69 | C13: 65092.725

Sheet Profit fit
A1: Model | B1: Adjusted_R2 | C1: Residual_SE | D1: Significance_F
A2: Full | B2: 0.6636702 | C2: 51848.95 | D2: 2.770167e-13
A3: Reduced | B3: 0.6498381 | C3: 52904.39 | D3: 5.064783e-14

Sheet Data
A1: store | B1: Profit | C1: MTenure | D1: CTenure | E1: Pop | F1: Comp | G1: Visibility | H1: PedCount | I1: Res | J1: Hours24 | K1: CrewSkill | L1: MgrSkill | M1: ServQual | N1: ExcellentService | O1: Fitted_reduced_profit | P1: Residual_reduced_profit
A2: 1 | B2: 265014 | C2: 0 | D2: 24.80493 | E2: 7535 | F2: 2.797888 | G2: 3 | H2: 3 | I2: 1 | J2: 1 | K2: 3.56 | L2: 3.15 | M2: 86.84327 | N2: =IF(M2>=90,1,0) | O2: ='Profit model'!$C$2+'Profit model'!$C$3*C2+'Profit model'!$C$4*D2+'Profit model'!$C$5*L2+'Profit model'!$C$8*E2+'Profit model'!$C$9*F2+'Profit model'!$C$11*H2+'Profit model'!$C$12*I2+'Profit model'!$C$13*J2 | P2: =B2-O2
A3: 2 | B3: 424007 | C3: 86.22219 | D3: 6.63655 | E3: 8630 | F3: 4.235555 | G3: 4 | H3: 3 | I3: 1 | J3: 1 | K3: 3.2 | L3: 3.556667 | M3: 94.7351 | N3: =IF(M3>=90,1,0) | O3: ='Profit model'!$C$2+'Profit model'!$C$3*C3+'Profit model'!$C$4*D3+'Profit model'!$C$5*L3+'Profit model'!$C$8*E3+'Profit model'!$C$9*F3+'Profit model'!$C$11*H3+'Profit model'!$C$12*I3+'Profit model'!$C$13*J3 | P3: =B3-O3
A4: 3 | B4: 222735 | C4: 23.88854 | D4: 5.026694 | E4: 9695 | F4: 4.494666 | G4: 3 | H4: 3 | I4: 1 | J4: 1 | K4: 3.8 | L4: 4.116667 | M4: 78.94776 | N4: =IF(M4>=90,1,0) | O4: ='Profit model'!$C$2+'Profit model'!$C$3*C4+'Profit model'!$C$4*D4+'Profit model'!$C$5*L4+'Profit model'!$C$8*E4+'Profit model'!$C$9*F4+'Profit model'!$C$11*H4+'Profit model'!$C$12*I4+'Profit model'!$C$13*J4 | P4: =B4-O4
A5: 4 | B5: 210122 | C5: 0 | D5: 5.371663 | E5: 2797 | F5: 4.253946 | G5: 4 | H5: 2 | I5: 1 | J5: 1 | K5: 2.06 | L5: 4.1 | M5: 100 | N5: =IF(M5>=90,1,0) | O5: ='Profit model'!$C$2+'Profit model'!$C$3*C5+'Profit model'!$C$4*D5+'Profit model'!$C$5*L5+'Profit model'!$C$8*E5+'Profit model'!$C$9*F5+'Profit model'!$C$11*H5+'Profit model'!$C$12*I5+'Profit model'!$C$13*J5 | P5: =B5-O5
A6: 5 | B6: 300480 | C6: 3.87737 | D6: 6.86653 | E6: 20335 | F6: 1.651364 | G6: 2 | H6: 5 | I6: 0 | J6: 1 | K6: 3.65 | L6: 3.588889 | M6: 68.42164 | N6: =IF(M6>=90,1,0) | O6: ='Profit model'!$C$2+'Profit model'!$C$3*C6+'Profit model'!$C$4*D6+'Profit model'!$C$5*L6+'Profit model'!$C$8*E6+'Profit model'!$C$9*F6+'Profit model'!$C$11*H6+'Profit model'!$C$12*I6+'Profit model'!$C$13*J6 | P6: =B6-O6
A7: 6 | B7: 469050 | C7: 149.9359 | D7: 11.35113 | E7: 16926 | F7: 3.184613 | G7: 3 | H7: 4 | I7: 1 | J7: 0 | K7: 3.58 | L7: 4.605556 | M7: 94.7351 | N7: =IF(M7>=90,1,0) | O7: ='Profit model'!$C$2+'Profit model'!$C$3*C7+'Profit model'!$C$4*D7+'Profit model'!$C$5*L7+'Profit model'!$C$8*E7+'Profit model'!$C$9*F7+'Profit model'!$C$11*H7+'Profit model'!$C$12*I7+'Profit model'!$C$13*J7 | P7: =B7-O7
A8: 7 | B8: 476355 | C8: 62.5308 | D8: 7.326488 | E8: 17754 | F8: 3.3779 | G8: 2 | H8: 5 | I8: 1 | J8: 1 | K8: 3.94 | L8: 4.1 | M8: 81.57837 | N8: =IF(M8>=90,1,0) | O8: ='Profit model'!$C$2+'Profit model'!$C$3*C8+'Profit model'!$C$4*D8+'Profit model'!$C$5*L8+'Profit model'!$C$8*E8+'Profit model'!$C$9*F8+'Profit model'!$C$11*H8+'Profit model'!$C$12*I8+'Profit model'!$C$13*J8 | P8: =B8-O8
A9: 8 | B9: 361115 | C9: 0 | D9: 56.77208 | E9: 20824 | F9: 2.895114 | G9: 4 | H9: 3 | I9: 1 | J9: 1 | K9: 3.98 | L9: 3.8 | M9: 78.94776 | N9: =IF(M9>=90,1,0) | O9: ='Profit model'!$C$2+'Profit model'!$C$3*C9+'Profit model'!$C$4*D9+'Profit model'!$C$5*L9+'Profit model'!$C$8*E9+'Profit model'!$C$9*F9+'Profit model'!$C$11*H9+'Profit model'!$C$12*I9+'Profit model'!$C$13*J9 | P9: =B9-O9
A10: 9 | B10: 474725 | C10: 108.9935 | D10: 6.061602 | E10: 26519 | F10: 2.63763 | G10: 2 | H10: 4 | I10: 1 | J10: 1 | K10: 3.22 | L10: 3.583333 | M10: 100 | N10: =IF(M10>=90,1,0) | O10: ='Profit model'!$C$2+'Profit model'!$C$3*C10+'Profit model'!$C$4*D10+'Profit model'!$C$5*L10+'Profit model'!$C$8*E10+'Profit model'!$C$9*F10+'Profit model'!$C$11*H10+'Profit model'!$C$12*I10+'Profit model'!$C$13*J10 | P10: =B10-O10
A11: 10 | B11: 278625 | C11: 31.47899 | D11: 23.19507 | E11: 16381 | F11: 2.270771 | G11: 4 | H11: 3 | I11: 1 | J11: 0 | K11: 3.54 | L11: 3.561111 | M11: 100 | N11: =IF(M11>=90,1,0) | O11: ='Profit model'!$C$2+'Profit model'!$C$3*C11+'Profit model'!$C$4*D11+'Profit model'!$C$5*L11+'Profit model'!$C$8*E11+'Profit model'!$C$9*F11+'Profit model'!$C$11*H11+'Profit model'!$C$12*I11+'Profit model'!$C$13*J11 | P11: =B11-O11
A12: 11 | B12: 389886 | C12: 44.81977 | D12: 2.036961 | E12: 21550 | F12: 3.272398 | G12: 2 | H12: 5 | I12: 1 | J12: 1 | K12: 3.43 | L12: 3.2 | M12: 100 | N12: =IF(M12>=90,1,0) | O12: ='Profit model'!$C$2+'Profit model'!$C$3*C12+'Profit model'!$C$4*D12+'Profit model'!$C$5*L12+'Profit model'!$C$8*E12+'Profit model'!$C$9*F12+'Profit model'!$C$11*H12+'Profit model'!$C$12*I12+'Profit model'!$C$13*J12 | P12: =B12-O12
A13: 12 | B13: 329020 | C13: 277.9877 | D13: 6.63655 | E13: 11160 | F13: 4.903895 | G13: 4 | H13: 4 | I13: 1 | J13: 0 | K13: 3.35 | L13: 3.238889 | M13: 100 | N13: =IF(M13>=90,1,0) | O13: ='Profit model'!$C$2+'Profit model'!$C$3*C13+'Profit model'!$C$4*D13+'Profit model'!$C$5*L13+'Profit model'!$C$8*E13+'Profit model'!$C$9*F13+'Profit model'!$C$11*H13+'Profit model'!$C$12*I13+'Profit model'!$C$13*J13 | P13: =B13-O13
... A76: 75 | B76: 296826 | C76: 2.267276 | D76: 8.706366 | E76: 8966 | F76: 1.886111 | G76: 4 | H76: 4 | I76: 0 | J76: 1 | K76: 3.57 | L76: 3.344445 | M76: 89.47388 | N76: =IF(M76>=90,1,0) | O76: ='Profit model'!$C$2+'Profit model'!$C$3*C76+'Profit model'!$C$4*D76+'Profit model'!$C$5*L76+'Profit model'!$C$8*E76+'Profit model'!$C$9*F76+'Profit model'!$C$11*H76+'Profit model'!$C$12*I76+'Profit model'!$C$13*J76 | P76: =B76-O76

Sheet Group checks
A1: ExcellentService | B1: Count | C1: MgrSkill_mean | D1: CrewSkill_mean
A2: 0 | B2: 38 | C2: 3.498158 | D2: 3.479211
A3: 1 | B3: 37 | C3: 3.781574 | D3: 3.433514

Sheet Price revision
A2: Input | B2: Value
A3: Unit cost | B3: 40
A4: Fixed cost | B4: 1200
A5: Capacity | B5: 340
A6: Intercept | B6: 701
A7: Price slope | B7: -5.01
A9: Price_AUD | B9: Predicted_units | C9: Planned_units | D9: Revenue_AUD | E9: Cost_AUD | F9: Profit_AUD | G9: Expected_profit
A10: 80 | B10: =$B$6+$B$7*A10 | C10: =MAX(0,MIN(ROUNDDOWN(B10,0),$B$5)) | D10: =A10*C10 | E10: =$B$4+$B$3*C10 | F10: =D10-E10 | G10: 10800
A11: 90 | B11: =$B$6+$B$7*A11 | C11: =MAX(0,MIN(ROUNDDOWN(B11,0),$B$5)) | D11: =A11*C11 | E11: =$B$4+$B$3*C11 | F11: =D11-E11 | G11: 11300
A12: 100 | B12: =$B$6+$B$7*A12 | C12: =MAX(0,MIN(ROUNDDOWN(B12,0),$B$5)) | D12: =A12*C12 | E12: =$B$4+$B$3*C12 | F12: =D12-E12 | G12: 10800
